 Dungeon Crawl Stone Soup version 0.20-a0-382-g289d6af (webtiles) character file.

60 Leonis the Skirmisher (level 4, -1/40 HPs)
             Began as a Hill Orc Monk on Dec 29, 2016.
             Slain by a leopard gecko (5 damage)
             ... on level 2 of the Dungeon.
             The game lasted 00:07:22 (984 turns).

Leonis the Skirmisher (Hill Orc Monk)                Turns: 984, Time: 00:07:23

Health: -1/40      AC:  2    Str: 13    XL:     4   Next: 6%
Magic:  4/4        EV: 13    Int: 10    God:
Gold:   88         SH:  0    Dex: 14    Spells: 3/3 levels left

rFire  + . .     SeeInvis .     m - +0 dagger (venom)
rCold  x . .     Gourm    .     b - +0 robe
rNeg   . . .     Faith    .     (no shield)
rPois  .         Spirit   .     (helmet restricted)
rElec  .         Reflect  .     (no cloak)
rCorr  .         Harm     .     (no gloves)
MR     .....                    (no boots)
Stlth  ++........               (no amulet)
                                (no ring)
                                n - ring of fire

@: no status effects
A: horns 1, mutation resistance 1
a: no special abilities


You were on level 2 of the Dungeon.
You were not hungry.

You visited 1 branch of the dungeon, and saw 2 of its levels.

You collected 88 gold pieces.

Inventory:

Hand Weapons
 a - a +0 mace
 m - a +0 dagger of venom (weapon)
Missiles
 j - 40 stones (quivered)
Armour
 b - a +0 robe (worn)
 o - a +1 animal skin
Jewellery
 l - an uncursed ring of protection from fire {unknown}
 n - a ring of fire (left hand)
Scrolls
 d - 2 scrolls of identify {unknown}
 e - a scroll of fog {unknown}
 h - a scroll of magic mapping {unknown}
 k - 2 scrolls of teleportation {unknown}
Potions
 g - 2 potions of flight
Comestibles
 c - a bread ration
 f - 11 chunks of flesh
 i - 2 meat rations


   Skills:
 + Level 4.2 Fighting
 + Level 0.2 Short Blades
 + Level 4.0 Maces & Flails
 + Level 3.1 Dodging
 + Level 1.6 Stealth


You had 3 spell levels left.
You didn't know any spells.

Dungeon Overview and Level Annotations

Branches:
Dungeon (2/15)

Altars:


Innate Abilities, Weirdness & Mutations

You have a pair of small horns on your head.
You are somewhat resistant to further mutation.


Message History

a dagger; a glowing animal skin; a helmet; a hobgoblin corpse the hobgoblin corpse of Robin Butcher a hobgoblin corpse? [(y)es/(c)hoosy/(n)o/(a)ll/(e)dible/(q)uit/?]
You butcher the hobgoblin corpse.
You stop butchering the corpse.
Sorry, you're not good enough to have a special ability.
You butcher the hobgoblin corpse of Robin.
The leopard gecko hisses angrily.
Items here: %% ) [[ ÷÷
o - a glowing animal skin;
f - 9 chunks of flesh (gained 1)
f - 11 chunks of flesh (gained 2)
You closely miss the leopard gecko. Your headbutt misses the leopard gecko.
The leopard gecko bites you.
* * * LOW HITPOINT WARNING * * *
You barely miss the leopard gecko. The leopard gecko misses you.
You closely miss the leopard gecko. The leopard gecko bites you.
* * * LOW HITPOINT WARNING * * *
You barely miss the leopard gecko. Your headbutt misses the leopard gecko.
The leopard gecko barely misses you. The leopard gecko bites you.
You die...

# % #### .##.. ...
##... #.##...
#####...l# ..
...##†@# . #..##÷#
#. #.##)### #..
#......#
###.####...##....#
......#..#.#
###...
#....#.)......?
##<#...####...
#......###


You could see a leopard gecko.

Vanquished Creatures
  Robin (D:2)
  An ooze (D:1)
  A leopard gecko (D:1)
  A giant cockroach (D:1)
  4 hobgoblins
  8 jackals (D:1)
  6 bats (D:1)
  2 frilled lizards (D:1)
  13 goblins
  A kobold (D:1)
  2 rats (D:1)
40 creatures vanquished.

Notes
Turn   | Place    | Note
-------+----------+-------------------------------------------
     0 | D:1      | Leonis the Hill Orc Monk began the quest for the Orb.
     0 | D:1      | Reached XP level 1. HP: 19/19 MP: 1/1
   154 | D:1      | Reached XP level 2. HP: 27/27 MP: 2/2
   333 | D:1      | Reached XP level 3. HP: 28/33 MP: 3/3
   363 | D:1      | Gained mutation: You have a pair of small horns on your head. [potion of mutation]
   363 | D:1      | Gained mutation: You are somewhat resistant to further mutation. [potion of mutation]
   939 | D:2      | Noticed Robin
   954 | D:2      | Killed Robin
   958 | D:2      | Reached XP level 4. HP: 10/40 MP: 4/4
   984 | D:2      | Slain by a leopard gecko

Vault maps used:
D:1:      eino_arrival_druids_welcome, minmay_misc_feat_alley, hex_medium
D:2:      cheibrodos_gnoll_hut, uniq_robin

Skill      XL: |  1  2  3 |
---------------+----------+-----
Fighting       | 4 |  4.2
Dodging        | 3 |  3.1
Maces & Flails | 4 |  4.0
Short Blades   | |  0.2
Stealth        | |  1.6

Action                   |  1- 3 |  4- 6 || total
-------------------------+-------+-------++-------
Melee: Mace              |    69 |       ||    69
       Dagger            |    27 |    13 ||    40
       Headbutt          |     5 |     1 ||     6
Throw: Stone             |     4 |       ||     4
  Use: Potion            |     4 |       ||     4
 Stab: Sleeping          |     2 |       ||     2
Armor: Robe              |    21 |       ||    21
Dodge: Dodged            |    92 |     9 ||   101
